 Dungeon Crawl Stone Soup version 0.26.1-11-gd32895ea62 (webtiles) character file.

Game seed: 4863592377481811884

506 Destapler the Cudgeller (level 6, -3/62 HPs)
             Began as a Troll Berserker on July 9, 2021.
             Was a Priest of Trog.
             Slain by an orc (5 damage)
             ... on level 4 of the Dungeon.
             The game lasted 00:06:57 (2293 turns).

Destapler the Cudgeller (Troll Berserker)           Turns: 2293, Time: 00:06:58

Health: -3/62      AC:  6    Str: 28    XL:     6   Next: 97%
Magic:  5/5        EV:  8    Int:  3    God:    Trog [***...]
Gold:   203        SH:  7    Dex:  9    Spells: 5/5 levels left

rFire    . . .     SeeInvis .   a - +0 mace
rCold    . . .     Faith    .   m - +0 kite shield
rNeg     . . .     Spirit   .   b - +0 animal skin
rPois    .         Reflect  .   (helmet restricted)
rElec    .         Harm     .   (no cloak)
rCorr    .         Rampage  .   (gloves unavailable)
Will     .....                  (boots unavailable)
Stlth    +.........             (no amulet)
HPRegen  0.60/turn              (no ring)
MPRegen  0.09/turn              (no ring)

@: berserk cooldown, slowed, very slow
A: large, unfitting armour, claws 3, regeneration 1, shaggy fur 1, tough skin 3
a: Renounce Religion, Berserk, Trog's Hand


You were on level 4 of the Dungeon.
You worshipped Trog.
Trog was most pleased with you.
You visited 1 branch of the dungeon, and saw 4 of its levels.

You collected 203 gold pieces.

Inventory:

Hand Weapons
 a - a +0 mace (weapon)
Missiles
 e - 2 boomerangs of dispersal
 o - 2 boomerangs
Armour
 b - a +0 animal skin (worn)
 m - a +0 kite shield (worn)
Jewellery
 l - an uncursed amulet of reflection {unknown}
 n - an uncursed amulet of guardian spirit {unknown}
 u - an uncursed ring of flight {unknown}
 v - a cursed +6 ring of dexterity
Wands
 i - a wand of acid (6)
Scrolls
 c - 2 scrolls of fog {unknown}
 f - 2 scrolls of enchant weapon {unknown}
 h - 4 scrolls of enchant armour {unknown}
 j - a scroll of remove curse {unknown}
 p - a scroll of noise {unknown}
 q - a scroll of magic mapping {unknown}
 r - a scroll of immolation {unknown}
Potions
 d - 3 potions of ambrosia {unknown}
 g - a potion of lignification
 k - a potion of degeneration {unknown}
 s - a potion of curing
 t - a potion of flight {unknown}


   Skills:
 + Level 4.2 Fighting
 + Level 4.6 Maces & Flails
 + Level 4.2 Dodging


You had 5 spell levels left.
You didn't know any spells.
Your spell library was empty.

Dungeon Overview and Level Annotations

Branches:
Dungeon (4/15)
 Temple: D:4-7

Altars:
Ashenzari
Dithmenos


Innate Abilities, Weirdness & Mutations

You are too large for most types of armour.
You have claws for hands.
Your natural rate of healing is unusually fast.
You are covered in fur. (AC +1)
You have extremely tough skin. (AC +3)


Message History

The orc hits you but does no damage. You block the hobgoblin's attack.
The orc hits you but does no damage.
Unknown command.
You barely miss something. Something hits you but does no damage.
You block the orc's attack. The orc hits you but does no damage.
The hobgoblin closely misses you. Something hits you but does no damage.
The orc hits you with a +0 hand axe.
* * * LOW HITPOINT WARNING * * *
The orc barely misses you.
The hobgoblin hits you but does no damage.
You barely miss something. Something hits you.
* * * LOW HITPOINT WARNING * * *
The orc hits you with a +0 hand axe.
* * * LOW HITPOINT WARNING * * *
The orc hits you but does no damage. The hobgoblin hits you with a +0 club.
* * * LOW HITPOINT WARNING * * *
Something completely misses you. The orc hits you with a +0 hand axe.
* * * LOW HITPOINT WARNING * * *
The orc hits you.
You die...

# ## # ... # ..#### #
. #.... # ..#....##
#+# # ........####.##
##### #
#.....o.....####...###
#.)..@{Z...........'..
#...g.o......###...###
#............# #...# #
#............# #####
.....##.###.#.# ######
#.. #.#.# ##. #.#..
..#.###.


You could see 2 orcs, a hobgoblin and a leopard gecko skeleton.

Vanquished Creatures
  The ghost of kthxbai the Vexing, an amateur KoAM of Qazlal (D:3)
  2 howler monkeys (D:4)
  2 orc wizards (D:3)
  2 hounds (D:4)
  A gnoll shaman (D:4)
  A bullfrog skeleton (D:3)
  Robin (D:4)
  3 gnolls
  8 adders
  An adder skeleton (D:3)
  3 worms (D:2)
  2 dart slugs (D:1)
  2 leopard geckos
  5 orcs
  6 bats
  4 giant cockroaches
  10 goblins
  7 hobgoblins
  2 jackals (D:3)
  7 kobolds
  5 frilled lizards
  7 rats
82 creatures vanquished.

Vanquished Creatures (others)
  An orc (D:3)
1 creature vanquished.

Grand Total: 83 creatures vanquished

Notes
Turn   | Place    | Note
-------+----------+-------------------------------------------
     0 | D:1      | Destapler the Troll Berserker began the quest for the Orb.
     0 | D:1      | Reached XP level 1. HP: 22/22 MP: 0/0
    22 | D:1      | Reached XP level 2. HP: 29/29 MP: 1/1
   278 | D:1      | Reached XP level 3. HP: 36/36 MP: 2/2
   494 | D:2      | Reached ** piety under Trog
   774 | D:2      | Found a shadowy altar of Dithmenos.
   872 | D:2      | Reached XP level 4. HP: 45/45 MP: 3/3
  1331 | D:3      | Found a broken altar of Ashenzari.
  1350 | D:3      | Reached XP level 5. HP: 7/53 MP: 4/4
  1354 | D:3      | HP: 1/53 [jackal (3)]
  1463 | D:3      | Found a runed translucent gate.
  1463 | D:3      | Found a runed translucent gate.
  1463 | D:3      | Found a runed translucent gate.
  1468 | D:3      | Noticed kthxbai's ghost (amateur KoAM)
  1510 | D:3      | Killed kthxbai's ghost
  1513 | D:3      | Reached XP level 6. HP: 62/62 MP: 5/5
  1619 | D:3      | Reached *** piety under Trog
  2255 | D:4      | Noticed Robin
  2265 | D:4      | Killed Robin
  2293 | D:4      | HP: 3/62 [hobgoblin/+0 club[Robin] (2)]
  2293 | D:4      | Slain by an orc

Illustrated notes

Levels and vault maps discovered:
D:1:      mrwooster_arrival_arrow, layout_rooms, chequers_hall_statues_y
D:2:      layout_loops_ring, nicolae_dithmenos_through_a_glass_darkly
D:3:      layout_basic, evilmike_ruin_ashenzari, gammafunk_ghost_necromancy
D:4:      cheibrodos_quashed, layout_basic, makhleb_blood_cavern_becter,
          uniq_robin, uniq_pikel

Skill      XL: |  1  2  3  4  5  6 |
---------------+-------------------+-----
Maces & Flails | 3 4 |  4.6
Fighting       | 3 4 |  4.2
Dodging        | 3 4 |  4.2

Action                   |  1- 3 |  4- 6 || total
-------------------------+-------+-------++-------
Melee: Mace              |   100 |   202 ||   302
Invok: Berserk           |     2 |     5 ||     7
       Trog's Hand       |       |     1 ||     1
  Use: Potion            |       |     3 ||     3
Armor: Animal skin       |    43 |   132 ||   175
       Skin              |       |    54 ||    54
Dodge: Dodged            |    69 |   120 ||   189
Block: Kite shield       |       |   101 ||   101
